Map: 資料C

Players

ForJumY

  • Race: Protoss Protoss
  • League: Grandmaster
  • Spawn Location: 9:00

Nice - Winner!

  • Race: Protoss Protoss
  • League: Diamond
  • Spawn Location: 3:00

Event: HomeStory Cup XXII

VOD

Have the link to the VOD?

Description

Time

  • Played on: Dec. 15, 2022, 8:05 a.m.
  • Length: 6:19

All games in this series

Show
View Real Time Build Order
Export as new Build Order

ForJumY Protoss 

Build Orders:  

Get SALT Encoding   

  12  0:00  Probe  
  13  0:12  Probe  
  14  0:17  Pylon  
  14  0:24  Probe (Chrono Boost)  
  15  0:35  Gateway  
  15  0:36  Probe (Chrono Boost)  
  16  0:45  Probe (Chrono Boost)  
  16  0:46  Assimilator  
  17  0:51  Probe  
  17  0:55  Assimilator  
  18  1:03  Probe (Chrono Boost)  
  19  1:08  Gateway  
  19  1:13  Probe (Chrono Boost)  
  20  1:18  Probe  
  21  1:26  Cybernetics Core  
  21  1:30  Probe  
  22  1:37  Pylon  
  22  1:42  Probe  
  23  1:55  Probe  
  23  1:59  Warp Gate (Chrono Boost)  
  24  2:02  Stalker  
  24  2:03  Stalker  
  24  2:07  Probe  
  29  2:20  Probe  
  29  2:22  Cybernetics Core  
  30  2:27  Pylon  
  29  2:52  Nexus  
  29  2:59  Pylon  
  29  3:05  Probe  
  29  3:17  Probe  
  26  3:29  Probe  
  27  3:37  Twilight Council  
  27  3:41  Probe  
  27  3:42  Sentry x2  
  32  3:53  Probe (Chrono Boost)  
  33  4:00  Pylon  
  33  4:05  Probe (Chrono Boost)  
  35  4:10  Shield Battery, Sentry, Probe (Chrono Boost)  
  35  4:12  Stalker  
  35  4:15  Probe (Chrono Boost)  
  40  4:19  Probe  
  41  4:26  Dark Shrine  
  41  4:32  Probe  
  41  4:36  Stalker  
  44  4:40  Pylon  
  44  4:45  Stalker  
  45  4:51  Warp Prism  
  43  4:54  Probe  
  39  5:07  Probe  
  40  5:23  Gateway  
  40  5:25  Stalker  
  40  5:26  Stalker  
  44  5:43  Pylon  
  44  5:48  Dark Templar  
  46  5:53  Pylon  
  46  6:07  Stalker  
Show
View Real Time Build Order
Export as new Build Order

Nice Protoss - Winner!

Build Orders:  

Get SALT Encoding   

  12  0:00  Probe  
  13  0:12  Probe  
  14  0:19  Pylon  
  14  0:24  Probe  
  15  0:37  Probe (Chrono Boost)  
  15  0:38  Gateway  
  16  0:48  Probe (Chrono Boost)  
  16  0:49  Assimilator  
  17  0:53  Probe (Chrono Boost)  
  18  1:03  Probe  
  19  1:15  Probe  
  20  1:25  Cybernetics Core  
  20  1:28  Probe  
  20  1:30  Zealot  
  20  1:31  Pylon  
  23  1:38  Assimilator  
  23  1:49  Probe (Chrono Boost)  
  24  1:58  Probe (Chrono Boost)  
  24  2:01  Adept (Chrono Boost)  
  25  2:03  Probe (Chrono Boost)  
  25  2:05  Pylon  
  25  2:07  Warp Gate  
  28  2:15  Probe  
  28  2:22  Stalker, Pylon  
  31  2:31  Gateway  
  31  2:36  Gateway  
  31  2:50  Probe  
  32  2:51  Pylon  
  32  2:52  Stalker  
  34  3:14  Nexus  
  34  3:22  Stalker  
  36  3:30  Probe (Chrono Boost)  
  37  3:39  Twilight Council, Probe (Chrono Boost)  
  36  3:44  Probe (Chrono Boost)  
  37  3:56  Probe  
  37  3:58  Adept  
  37  4:00  Adept  
  42  4:06  Pylon  
  42  4:08  Probe (Chrono Boost)  
  43  4:14  Blink (Chrono Boost)  
  43  4:21  Probe (Chrono Boost)  
  44  4:28  Probe (Chrono Boost)  
  44  4:30  Probe (Chrono Boost)  
  46  4:36  Robotics Facility  
  46  4:37  Probe  
  47  4:41  Probe  
  47  4:43  Pylon  
  48  4:49  Probe  
  49  4:55  Gateway  
  49  4:58  Forge  
  49  5:01  Probe  
  49  5:04  Sentry, Stalker  
  50  5:09  Shield Battery  
  50  5:20  Probe x2  
  50  5:22  Gateway  
  50  5:23  Observer, Assimilator  
  51  5:30  Pylon  
  51  5:33  Probe x2  
  51  5:35  Stalker  
  55  5:43  Stalker  
  55  5:45  Warp Prism (Chrono Boost)  
  59  5:56  Stalker  
  60  6:00  Stalker  
  62  6:16  Stalker x2  
Tags
 
Matchup
PvP
Replay Pack
hsc22
Spawn Locations
Cross Positions
Add a new tag
Caveats
  • Supply blocks, unpowered buildings, or Contaminate may cause inaccurate times.
  • Supply counts are checked every 10 seconds.